 Dungeon Crawl Stone Soup version 0.27.0-1-g7a089689b8 (webtiles) character file.

Game seed: 2369976204962897862

314 Ozzies the Skirmisher (level 6, 0/60 HPs)
             Began as a Minotaur Fighter on Aug 8, 2021.
             Was a Believer of Jiyva.
             Slain by an iguana (10 damage)
             ... on level 4 of the Dungeon.
             The game lasted 00:02:18 (2445 turns).

Ozzies the Skirmisher (Minotaur Fighter)            Turns: 2445, Time: 00:02:19

Health: 0/60       AC:  7    Str: 22    XL:     6   Next: 19%
Magic:  5/5        EV:  7    Int:  5    God:    Jiyva [**....]
Gold:   56         SH:  9    Dex: 10    Spells: 5/5 levels left

rFire    . . .     SeeInvis .   k - +3 dagger
rCold    . . .     Faith    .   c - +0 kite shield
rNeg     . . .     Spirit   .   b - +0 scale mail
rPois    .         Reflect  .   (helmet restricted)
rElec    .         Harm     .   (no cloak)
rCorr    .         Rampage  .   (no gloves)
Will     .....                  (no boots)
Stlth    ..........             (no amulet)
HPRegen  0.20/turn              n - ring of flight
MPRegen  0.09/turn              (no ring)

@: flying
A: horns 2, retaliatory headbutt
a: Renounce Religion, Request Jelly


You were on level 4 of the Dungeon.
You worshipped Jiyva.
Jiyva was pleased with you.
You visited 1 branch of the dungeon, and saw 4 of its levels.

You collected 56 gold pieces.

Inventory:

Hand Weapons
 a - a +0 trident
 k - a +3 dagger (weapon)
Missiles
 o - 12 poisoned darts (quivered)
Armour
 b - a +0 scale mail (worn)
 c - a +0 kite shield (worn)
Jewellery
 n - a ring of flight (left hand)
Scrolls
 e - a scroll of teleportation {unknown}
 g - 2 scrolls of fog {unknown}
 h - a scroll of noise {unknown}
 i - 3 scrolls of magic mapping {unknown}
 m - a scroll of enchant weapon {unknown}
Potions
 d - a potion of might {@q3 !q}
 f - 2 potions of haste {unknown}
 j - a potion of heal wounds {unknown}
 l - a potion of lignification {unknown}
 p - a potion of resistance {unknown}


   Skills:
 * Level 7.2 Fighting
 - Level 3.0 Short Blades
 - Level 2.6 Polearms
 - Level 4.0 Armour
 - Level 4.0 Shields


You had 5 spell levels left.
You didn't know any spells.
Your spell library was empty.

Dungeon Overview and Level Annotations

Branches:
Dungeon (4/15)
 Temple: D:4-7

Altars:
Jiyva


Innate Abilities, Weirdness & Mutations

You have a pair of horns on your head.
You reflexively headbutt those who attack you in melee.


Message History

The hound skeleton is almost destroyed.
The hound skeleton misses you.
You hit the hound skeleton.
You destroy the hound skeleton!
Your Fighting skill increases to level 7!
No target in view!
No target in view!
No target in view!
No target in view!
No target in view!
No target in view!
No target in view!
Found a scroll labelled XANNAI EMABO.
You see here a +1 flail of protection.
i - 3 scrolls labelled XANNAI EMABO (gained 1) Jiyva says: Divide and consume!
You hear a distant slurping noise.
Jiyva appreciates your sacrifice.
You now have 56 gold pieces (gained 16).
You hear a distant slurping noise.
You hear a distant slurping noise.
Jiyva appreciates your sacrifice.
Found a stone staircase leading down.
You hear a distant slurping noise.
Jiyva appreciates your sacrifice.
A hobgoblin comes into view.
The hobgoblin shouts!
A hobgoblin is nearby!
You block the hobgoblin's attack.
You hit the hobgoblin but do no damage.
The hobgoblin hits you but does no damage.
You hit the hobgoblin.
The hobgoblin is moderately wounded.
The hobgoblin barely misses you.
You hit the hobgoblin. Your headbutt misses the hobgoblin.
The hobgoblin is heavily wounded.
The hobgoblin barely misses you. You furiously retaliate!
You headbutt the hobgoblin!
You kill the hobgoblin!
No target in view!
Found a stone staircase leading down.
A gnoll comes into view. It is wielding a +1 spear of pain.
A gnoll comes into view. It is wielding a +0 flail.
There are monsters nearby!
The gnoll shouts! x2; You hear an angry hiss.
You hear a distant slurping noise.
Jiyva appreciates your sacrifice.
Found a stone staircase leading up.
The gnoll hits you from afar with a +1 spear of pain.
An iguana comes into view.
The iguana hisses angrily.
You hit the gnoll. You headbutt the gnoll.
The gnoll is heavily wounded.
You block the gnoll's attack.
You closely miss the gnoll.
The gnoll is heavily wounded.
The gnoll hits you with a +0 flail! You block the gnoll's attack.
You hear a distant slurping noise.
Jiyva appreciates your sacrifice.
You hit the gnoll.
The gnoll is severely wounded.
The gnoll hits you but does no damage. You block the gnoll's attack.
The gnoll barely misses you. You block the gnoll's attack. x2
You hit the gnoll.
The gnoll is lightly wounded.
The gnoll hits you but does no damage.
You writhe in agony.
You block the gnoll's attack.
You hit the gnoll.
The gnoll is heavily wounded.
The gnoll hits you but does no damage.
The iguana bites you but does no damage.
The gnoll hits you with a +0 flail.
You closely miss the gnoll. You headbutt the gnoll.
The gnoll is severely wounded.
You block the gnoll's attack. You block the iguana's attack.
The gnoll hits you with a +0 flail!
You closely miss the gnoll. You headbutt the gnoll.
You kill the gnoll!
The iguana barely misses you. The gnoll hits you with a +0 flail.
You barely miss the iguana.
The iguana bites you but does no damage.
You block the gnoll's attack.
You hit the gnoll.
You kill the gnoll!
The iguana bites you!
You hit the iguana but do no damage. The iguana bites you!
You closely miss the iguana. The iguana bites you!
* * * LOW HITPOINT WARNING * * *
You hear a distant slurping noise.
You hit the iguana.
You headbutt the iguana, but do no damage.
The iguana is moderately wounded.
You block the iguana's attack.
You hit the iguana but do no damage.
The iguana is moderately wounded.
The iguana bites you but does no damage.
You hit the iguana.
The iguana is heavily wounded.
The iguana bites you!
You die...

### ############. ..##
##...).>...... ...##
#####.....@)....#
#...###.....#...l....##
..........###.........#
###...###.†.J...........
###.# ###.............
#.# ....#...........
#####.#..####...........
........# #........<..
#####..## .


You could see an iguana and a neutral jelly (wandering) (fellow slime).

Vanquished Creatures
  Grinder (D:3)
  An iguana (D:3)
  A hound skeleton (D:4)
  2 gnolls (D:4)
  An adder (D:3)
  An ufetubus (D:3)
  An orc (D:3)
  An endoplasm (D:1)
  4 goblins
  7 hobgoblins
  3 kobolds
  A quokka (D:2)
  6 ball pythons
  5 bats
  4 frilled lizards
  5 rats
44 creatures vanquished.

Vanquished Creatures (others)
  A gnoll (D:4)
  An adder (D:2)
  2 endoplasms
  A ball python (D:3)
  2 goblins
  A jackal (D:2)
  A kobold (D:3)
  2 rats (D:3)
11 creatures vanquished.

Grand Total: 55 creatures vanquished

Notes
Turn   | Place    | Note
-------+----------+-------------------------------------------
     0 | D:1      | Ozzies the Minotaur Fighter began the quest for the Orb.
     0 | D:1      | Reached XP level 1. HP: 19/19 MP: 0/0
   294 | D:1      | Found a faded altar of an unknown god.
   524 | D:1      | Became a worshipper of Jiyva Juotoal the Shapeless
   524 | D:1      | Reached * piety under Jiyva
   646 | D:1      | Reached XP level 2. HP: 25/27 MP: 1/1
   980 | D:2      | Reached skill level 4 in Fighting
  1137 | D:2      | Reached ** piety under Jiyva
  1496 | D:3      | Reached XP level 3. HP: 31/33 MP: 2/2
  1519 | D:3      | Reached skill level 1 in Short Blades
  1764 | D:3      | Noticed Grinder
  1787 | D:3      | Killed Grinder
  1788 | D:3      | Reached skill level 6 in Fighting
  1788 | D:3      | Reached XP level 4. HP: 8/45 MP: 3/3
  1788 | D:3      | Reached XP level 5. HP: 9/51 MP: 4/4
  2219 | D:3      | Reached XP level 6. HP: 35/58 MP: 5/5
  2343 | D:4      | Reached skill level 7 in Fighting
  2445 | D:4      | Slain by an iguana

Illustrated notes

Levels and vault maps discovered:
D:1:      dpeg_arrival_round_c, layout_basic, basic_ecumenical_altar,
          minmay_tetromino_t2
D:2:      layout_rooms, minmay_increasing_density
D:3:      layout_rooms, grunt_decor_resistance, nrook_uturn, uniq_grinder
D:4:      layout_rooms

Skill      XL: |  1  2  3  4  5  6 |
---------------+-------------------+-----
Fighting       | 4 6 7 |  7.2
Armour         | 4 |  4.0
Short Blades   | 3 |  3.0
Shields        | 4 |  4.0
Polearms       | |  2.6

Action                   |  1- 3 |  4- 6 || total
-------------------------+-------+-------++-------
Melee: Trident           |    12 |       ||    12
       Headbutt          |    12 |     7 ||    19
       Dagger            |    82 |    33 ||   115
Armor: Scale mail        |    35 |    13 ||    48
Dodge: Dodged            |    22 |    10 ||    32
Block: Kite shield       |    47 |    26 ||    73
